[Event "SixDays Budapest IM-A 09-2024"]
[Site "Budapest"]
[Date "2024.09.25"]
[Round "2.5"]
[White "Pacher, Milan"]
[Black "Wadifa, Ahmed"]
[Result "1-0"]
[ECO "E01"]
[WhiteElo "2343"]
[BlackElo "1988"]
[Annotator "RC"]
[PlyCount "53"]
[EventDate "2024.09.24"]
[EventType "tourn"]
[EventCountry "HUN"]
[SourceTitle "playchess.com"]
[Source "ChessBase"]
[SourceQuality "1"]
[TimeControl "5400+30"]

1. d4 d5 2. c4 e6 3. g3 Nf6 4. Bg2 b6 5. Nc3 Bb7 6. Nh3 Bb4 7. O-O O-O 8. Nf4 Bxc3 9. bxc3 Ba6 10. cxd5 exd5 11. Re1 Re8 12. f3 g5 13. Nd3 g4 14. Ne5 gxf3 15. exf3 Qd6 16. Qd2 Qf8 17. Qg5+ Qg7 18. Qh4 h5 19. Bg5 Nbd7 20. f4 Bb7 21. Bh3 Nxe5 22. fxe5 Nh7 23. Bf4 Qg6 24. e6 fxe6 25. Re5 c5 26. Rae1 Bc8 27. Bf5 1-0

[Event "SixDays Budapest IM-A 09-2024"]
[Site "Budapest"]
[Date "2024.09.25"]
[Round "3.1"]
[White "Wadifa, Ahmed"]
[Black "Bashylina, Luisa"]
[Result "0-1"]
[ECO "B90"]
[WhiteElo "1988"]
[BlackElo "2124"]
[Annotator "RC"]
[PlyCount "112"]
[EventDate "2024.09.24"]
[EventType "tourn"]
[EventCountry "HUN"]
[SourceTitle "playchess.com"]
[Source "ChessBase"]
[SourceQuality "1"]
[TimeControl "5400+30"]

1. e4 c5 2. Nf3 d6 3. d4 cxd4 4. Nxd4 Nf6 5. Nc3 a6 6. Be3 e5 7. Nb3 Be7 8. f3 Be6 9. Qd2 O-O 10. O-O-O b5 11. g4 Nbd7 12. g5 Nh5 13. Nd5 Bxd5 14. exd5 f6 15. Na5 fxg5 16. Nc6 Qe8 17. Nxe7+ Qxe7 18. Bxg5 Ndf6 19. Bh3 Kh8 20. Rhe1 Qc7 21. Re3 h6 22. Rc3 Qe7 23. Be3 Ng8 24. Re1 Qh4 25. Bg4 Nf4 26. Rg1 Ne7 27. Bxf4 Rxf4 28. Be6 Raf8 29. Qg2 Qf6 30. a3 a5 31. Rb3 a4 32. Rxb5 Rxf3 33. Rb7 Rf2 34. Qg4 Rf1+ 35. Rxf1 Qxf1+ 36. Qd1 Qc4 37. Rb4 Qa2 38. Qd3 Qa1+ 39. Kd2 Rf2+ 40. Kc3 Qe1+ 41. Kc4 e4 42. Rb8+ Kh7 43. Qc3 Qd1 44. Rb7 Rxc2 45. Rxe7 Rxc3+ 46. bxc3 Qd3+ 47. Kb4 e3 48. Bg4 Qxd5 49. h3 Qc5+ 50. Kxa4 Qc4+ 51. Ka5 Qxc3+ 52. Kb5 Qxa3 53. Bf5+ Kg8 54. Bg6 Qc5+ 55. Ka4 Qc6+ 56. Kb3 d5 0-1

[Event "SixDays Budapest IM-A 09-2024"]
[Site "Budapest"]
[Date "2024.09.25"]
[Round "3.2"]
[White "Kao, Jamison Edrich"]
[Black "Pacher, Milan"]
[Result "1/2-1/2"]
[ECO "B31"]
[WhiteElo "2125"]
[BlackElo "2343"]
[Annotator "RC"]
[PlyCount "124"]
[EventDate "2024.09.24"]
[EventType "tourn"]
[EventCountry "HUN"]
[SourceTitle "playchess.com"]
[Source "ChessBase"]
[SourceQuality "1"]
[TimeControl "5400+30"]

1. e4 c5 2. Nf3 Nc6 3. Bb5 g6 4. Bxc6 bxc6 5. d4 Bg7 6. dxc5 Qa5+ 7. Nbd2 Ba6 8. Rb1 Qxa2 9. b4 Nf6 10. Rb3 Qa4 11. Ra3 Qxb4 12. Rxa6 Nxe4 13. O-O Nc3 14. Qe1 Qb5 15. Ra3 Ne2+ 16. Kh1 Nxc1 17. Re3 O-O 18. Qxc1 Qxc5 19. Nb3 Qb4 20. Qe1 Qxe1 21. Rfxe1 e6 22. Ne5 a5 23. Nxd7 Rfd8 24. Ne5 a4 25. Na1 a3 26. Nxc6 Rd2 27. Ne5 Rxf2 28. Kg1 Rf5 29. Nf3 a2 30. Rb3 Rc5 31. Rd1 e5 32. c3 e4 33. Nd4 Rac8 34. Ne2 Bxc3 35. Nxc3 Rxc3 36. Rxc3 Rxc3 37. Kf2 Rd3 38. Rxd3 exd3 39. Ke3 f5 40. Kxd3 Kf7 41. Kc3 Ke6 42. Kb2 Kd5 43. Nc2 Ke4 44. Kxa2 Kd3 45. Ne1+ Ke2 46. Nf3 Kf2 47. Nh4 f4 48. Kb3 g5 49. Nf3 g4 50. Nh4 Kg1 51. h3 gxh3 52. gxh3 Kh2 53. Kc2 Kxh3 54. Nf5 Kg4 55. Nd4 Kg3 56. Nf5+ Kf3 57. Kd2 h5 58. Ke1 Kg2 59. Nh4+ Kg3 60. Nf5+ Kg4 61. Nd4 h4 62. Kf2 h3 1/2-1/2

[Event "SixDays Budapest IM-A 09-2024"]
[Site "Budapest"]
[Date "2024.09.25"]
[Round "3.3"]
[White "Krishna C R G"]
[Black "Pavan Karthikeya Varma Gunturi"]
[Result "1-0"]
[ECO "A46"]
[WhiteElo "2425"]
[BlackElo "2056"]
[Annotator "RC"]
[PlyCount "109"]
[EventDate "2024.09.24"]
[EventType "tourn"]
[EventCountry "HUN"]
[SourceTitle "playchess.com"]
[Source "ChessBase"]
[SourceQuality "1"]
[TimeControl "5400+30"]

1. d4 Nf6 2. Nf3 e6 3. e3 b6 4. Bd3 Bb7 5. O-O Be7 6. c4 O-O 7. Nc3 d6 8. b3 Nbd7 9. Bb2 Re8 10. h3 Bf8 11. d5 e5 12. Nd2 g6 13. Qc2 Bg7 14. b4 a6 15. Rad1 h6 16. Nb3 Rc8 17. Be2 Qe7 18. a4 c6 19. dxc6 Bxc6 20. Qd2 Bf8 21. a5 Bb7 22. Ba3 Qe6 23. axb6 Nxb6 24. Na5 Ba8 25. Rc1 Red8 26. Rfd1 Qf5 27. Bf1 Qg5 28. Qe2 Qf5 29. Qd3 Ne4 30. Nxe4 Bxe4 31. Qb3 Qe6 32. Rd2 Rd7 33. Rcd1 Rdc7 34. b5 d5 35. cxd5 Bxd5 36. Rxd5 Rc3 37. Qb1 Rxa3 38. Rd8 Rxa5 39. Qb4 Rxd8 40. Rxd8 Nd7 41. Qxa5 axb5 42. Qxb5 Nb6 43. Rb8 Nd7 44. Rb7 Nc5 45. Bc4 Qxc4 46. Qxc4 Nxb7 47. Qd5 Nd6 48. Qxe5 Nf5 49. e4 Ng7 50. f4 Ne6 51. f5 Ng7 52. g4 g5 53. Kf1 Ba3 54. Qb8+ Kh7 55. Qa7 1-0

[Event "SixDays Budapest IM-A 09-2024"]
[Site "Budapest"]
[Date "2024.09.25"]
[Round "3.4"]
[White "Boyer, Mahel"]
[Black "Bashirov, Kemal"]
[Result "0-1"]
[ECO "A08"]
[WhiteElo "2489"]
[BlackElo "2328"]
[Annotator "TA"]
[PlyCount "92"]
[EventDate "2024.09.24"]
[EventType "tourn"]
[EventCountry "HUN"]
[SourceTitle "playchess.com"]
[Source "ChessBase"]
[SourceQuality "1"]
[TimeControl "5400+30"]

1. Nf3 d5 2. g3 c5 3. Bg2 Nc6 4. d4 cxd4 5. Nxd4 e5 6. Nxc6 bxc6 7. c4 Nf6 8. O-O Be7 9. Bg5 Be6 10. Nc3 e4 11. Qa4 {[%emt 0:20:32] [#] Bxf6 is the strong threat.} O-O $1 12. Rad1 (12. Qxc6 Rc8 13. Qa6 Rxc4 $11) 12... Qe8 {[%emt 0:24:40] White is slightly better.} 13. b3 Rd8 14. Qxa7 h6 15. Bf4 Bb4 16. cxd5 cxd5 17. Be5 (17. Na4 $14) 17... Nd7 $1 $11 18. Bd4 ({Of course not} 18. Nxd5 Bxd5 19. Rxd5 Nxe5 20. Rxd8 Qxd8 21. Bxe4 Qd2 $17) 18... Ra8 {[%emt 0:03:42][%mdl 1024] Black has compensation.} 19. Qb7 Rb8 $36 {[%emt 0:08:12][%mdl 2048] Black fights for an advantage.} 20. Qa6 Qe7 {[%emt 0:00:33] [#] Strongly threatening ...Bxc3.} 21. Qc6 (21. e3 $11) 21... Rfc8 22. Nxd5 Rxc6 23. Nxe7+ Bxe7 24. Bxe4 Ra6 25. Rd2 Bf6 (25... Nf6 $17 26. Bd3 Ra3) 26. Rfd1 $15 Rd6 27. Ba7 Rxd2 28. Rxd2 Rc8 29. f4 Bc3 30. Rd1 Nf6 31. Bf3 Bb4 32. Rd4 Be7 33. b4 (33. Kg2 $17 {was called for.}) 33... Rc7 34. Bb6 Rc1+ 35. Kg2 Bxa2 36. Ba5 Be6 37. e4 (37. h3 {might work better.}) 37... Rc2+ $19 38. Kf1 Ng4 ({But not} 38... Rxh2 39. f5 Bc8 40. e5 $19) 39. Ke1 Nxh2 40. Bd1 Rb2 41. f5 $2 (41. Rd2 Rxd2 (41... Bxb4 42. Bxb4 Rxb4 43. Rxh2 $15) 42. Kxd2) 41... Bf6 42. Rd3 Bc4 43. Ra3 Bd4 44. Ba4 Nf1 (44... Ng4 $142 45. Kd1 Ne3+ 46. Kc1 Re2) 45. Kd1 Rd2+ 46. Kc1 Bb2+ {[%emt 0:00:03] Weighted Error Value: White=0.76/Black=0.22 (precise) .  Mistake:       	White=5     	Black=1      Inaccurate:     	White=4     	---        OK:         	White=14    	Black=15     Best:        	White=1     	Black=1      Strong:       	---       	Black=2} 0-1

[Event "SixDays Budapest IM-A 09-2024"]
[Site "Budapest"]
[Date "2024.09.25"]
[Round "3.5"]
[White "Ramsdal, Jens Albert"]
[Black "Kwon, Sehyun"]
[Result "0-1"]
[ECO "D38"]
[WhiteElo "2328"]
[BlackElo "2248"]
[Annotator "RC"]
[PlyCount "98"]
[EventDate "2024.09.24"]
[EventType "tourn"]
[EventCountry "HUN"]
[SourceTitle "playchess.com"]
[Source "ChessBase"]
[SourceQuality "1"]
[TimeControl "5400+30"]

1. d4 d5 2. c4 e6 3. Nc3 Bb4 4. Nf3 Nf6 5. Qa4+ Nc6 6. e3 O-O 7. Bd2 dxc4 8. Bxc4 Bd6 9. Nb5 Be7 10. Qc2 a6 11. Nc3 b5 12. Be2 Bb7 13. O-O Bd6 14. a4 b4 15. Na2 Qe7 16. Qb3 Rab8 17. Ne5 Nxe5 18. dxe5 Bxe5 19. Qxb4 c5 20. Qh4 Bxb2 21. Rab1 Be4 22. Rbe1 Qd7 23. Bc3 Qxa4 24. Bxb2 Rxb2 25. Nc3 Qc6 26. Nxe4 Nxe4 27. Bf3 Rb4 28. Rc1 f5 29. Rfd1 Qc7 30. Bxe4 Rxe4 31. Qg3 f4 32. exf4 Rexf4 33. Rc2 c4 34. Qe3 Qc6 35. Re1 R8f6 36. g3 Rf3 37. Qd4 c3 38. Rd1 h6 39. Qb4 Qb5 40. Qd4 e5 41. Qe4 Qb6 42. Rf1 Qd4 43. Re1 R6f5 44. Qa8+ Kh7 45. Qe4 h5 46. Re3 g6 47. Qb7+ Rf7 48. Qe4 Rxe3 49. Qxd4 Re1+ 0-1

[Event "SixDays Budapest IM-A 09-2024"]
[Site "Budapest"]
[Date "2024.09.26"]
[Round "4.1"]
[White "Bashylina, Luisa"]
[Black "Kwon, Sehyun"]
[Result "0-1"]
[ECO "E48"]
[WhiteElo "2124"]
[BlackElo "2248"]
[Annotator "RC"]
[PlyCount "78"]
[EventDate "2024.09.24"]
[EventType "tourn"]
[EventCountry "HUN"]
[SourceTitle "playchess.com"]
[Source "ChessBase"]
[SourceQuality "1"]
[TimeControl "5400+30"]

1. d4 Nf6 2. c4 e6 3. Nc3 Bb4 4. e3 O-O 5. Bd3 d5 6. Nge2 dxc4 7. Bxc4 c5 8. a3 Bxc3+ 9. bxc3 Qc7 10. Bd3 e5 11. O-O Nc6 12. Ng3 Be6 13. f4 exd4 14. cxd4 Rad8 15. Nh5 Nxh5 16. Qxh5 f5 17. Bb2 cxd4 18. e4 Qd7 19. Rad1 a6 20. Qh4 b5 21. Rc1 Bc4 22. Rxc4 bxc4 23. Bxc4+ Kh8 24. exf5 Qxf5 25. Ba2 Qb5 26. Bb1 d3 27. Ba1 Qc5+ 28. Kh1 Qxa3 29. Qh3 Qxa1 30. Bxd3 Rxd3 31. Qxd3 Qa4 32. Qd6 Rd8 33. Qe6 Qxf4 34. Re1 Rf8 35. h3 Qf6 36. Qd5 Nd4 37. Ra1 Ne2 38. Qa5 Ng3+ 39. Kh2 Qd6 0-1

[Event "SixDays Budapest IM-A 09-2024"]
[Site "Budapest"]
[Date "2024.09.26"]
[Round "4.2"]
[White "Bashirov, Kemal"]
[Black "Ramsdal, Jens Albert"]
[Result "1-0"]
[ECO "D41"]
[WhiteElo "2328"]
[BlackElo "2328"]
[Annotator "RC"]
[PlyCount "121"]
[EventDate "2024.09.24"]
[EventType "tourn"]
[EventCountry "HUN"]
[SourceTitle "playchess.com"]
[Source "ChessBase"]
[SourceQuality "1"]
[TimeControl "5400+30"]

1. d4 e6 2. Nf3 Nf6 3. c4 d5 4. Nc3 c5 5. cxd5 Nxd5 6. e4 Nxc3 7. bxc3 cxd4 8. cxd4 Bb4+ 9. Bd2 Bxd2+ 10. Qxd2 O-O 11. Bc4 Nd7 12. O-O b6 13. d5 Nc5 14. Rad1 exd5 15. exd5 Bg4 16. Qf4 Bxf3 17. gxf3 Qf6 18. Qxf6 gxf6 19. Rfe1 Rfe8 20. Re3 Rxe3 21. fxe3 Kf8 22. Kf2 Rd8 23. e4 Nd7 24. Bb5 Nc5 25. Ke3 a6 26. Bc6 b5 27. Rc1 Na4 28. Kd4 Nb6 29. f4 Nc4 30. a4 Nd2 31. Kd3 Nf3 32. Ke3 Nxh2 33. Rh1 Ng4+ 34. Kf3 f5 35. e5 bxa4 36. Rxh7 a3 37. Rh1 Rb8 38. d6 a2 39. Bd5 Rb1 40. Rh8+ Kg7 41. Bxa2 Rf1+ 42. Ke2 Rf2+ 43. Ke1 Rxa2 44. d7 Ra1+ 45. Ke2 Kxh8 46. d8=Q+ Kh7 47. Qe7 Ra2+ 48. Kf3 Nh2+ 49. Kg3 Nf1+ 50. Kh4 Rh2+ 51. Kg5 Rg2+ 52. Kxf5 Rg7 53. Qh4+ Kg8 54. Qd8+ Kh7 55. e6 Ng3+ 56. Ke5 fxe6 57. Kxe6 Rg6+ 58. Ke5 Nh5 59. f5 Rf6 60. Qe7+ Kh6 61. Qxf6+ 1-0

[Event "SixDays Budapest IM-A 09-2024"]
[Site "Budapest"]
[Date "2024.09.26"]
[Round "4.3"]
[White "Pavan Karthikeya Varma Gunturi"]
[Black "Boyer, Mahel"]
[Result "1/2-1/2"]
[ECO "C00"]
[WhiteElo "2056"]
[BlackElo "2489"]
[Annotator "RC"]
[PlyCount "97"]
[EventDate "2024.09.24"]
[EventType "tourn"]
[EventCountry "HUN"]
[SourceTitle "playchess.com"]
[Source "ChessBase"]
[SourceQuality "1"]
[TimeControl "5400+30"]

1. e4 a6 2. d4 e6 3. Nf3 d5 4. Nbd2 c5 5. exd5 exd5 6. c3 Nc6 7. dxc5 Bxc5 8. Nb3 Ba7 9. h3 Nf6 10. Bd3 O-O 11. Be3 Bxe3 12. fxe3 Re8 13. Qd2 Qe7 14. O-O-O Qxe3 15. Qxe3 Rxe3 16. Rhe1 Rxe1 17. Rxe1 Kf8 18. Kd2 b6 19. Nbd4 Bb7 20. Nxc6 Bxc6 21. Ne5 Bb7 22. g4 Re8 23. h4 h6 24. g5 hxg5 25. hxg5 Ne4+ 26. Bxe4 Rxe5 27. Bd3 Rxg5 28. Re2 Rh5 29. Rf2 Rh6 30. c4 a5 31. b3 f6 32. a3 g5 33. Bf5 Rh4 34. Kc3 dxc4 35. bxc4 Rf4 36. Rxf4 gxf4 37. Bh3 Kg7 38. Kd4 Kg6 39. c5 b5 40. Bd7 Ba6 41. c6 f3 42. Ke3 b4 43. axb4 axb4 44. Be6 f5 45. c7 f2 46. Kxf2 Kf6 47. c8=Q Bxc8 48. Bxc8 b3 49. Ba6 1/2-1/2

[Event "SixDays Budapest IM-A 09-2024"]
[Site "Budapest"]
[Date "2024.09.26"]
[Round "4.4"]
[White "Pacher, Milan"]
[Black "Krishna C R G"]
[Result "1/2-1/2"]
[ECO "C07"]
[WhiteElo "2343"]
[BlackElo "2425"]
[Annotator "TA"]
[PlyCount "50"]
[EventDate "2024.09.24"]
[EventType "tourn"]
[EventCountry "HUN"]
[SourceTitle "playchess.com"]
[Source "ChessBase"]
[SourceQuality "1"]
[TimeControl "5400+30"]

1. e4 e6 2. d4 d5 3. Nd2 c5 4. exd5 Qxd5 5. Ngf3 cxd4 6. Bc4 Qd7 7. O-O Nc6 8. Nb3 Nf6 9. Nbxd4 Nxd4 10. Qxd4 Qxd4 11. Nxd4 a6 {[%emt 0:00:22] The position is equal.} 12. c3 Bd6 13. Bg5 Bd7 14. Rad1 Bc7 15. Bh4 O-O-O 16. Nf3 Rhf8 17. Bg3 Ne4 18. Bxc7 Kxc7 19. Rd4 Nd6 20. Ne5 Bc8 {[%emt 0:06:41] [#] Hoping for ...f6.} 21. Bb3 f6 22. Nc4 Nf5 23. Rxd8 Rxd8 24. Rd1 Rxd1+ 25. Bxd1 e5 {A rather calm draw.   Weighted Error Value: White=0.05 (flawless) /Black=0.03 (flawless) .  OK:         	White=5     	Black=6} 1/2-1/2

[Event "SixDays Budapest IM-A 09-2024"]
[Site "Budapest"]
[Date "2024.09.26"]
[Round "4.5"]
[White "Wadifa, Ahmed"]
[Black "Kao, Jamison Edrich"]
[Result "1-0"]
[ECO "B32"]
[WhiteElo "1988"]
[BlackElo "2125"]
[Annotator "RC"]
[PlyCount "117"]
[EventDate "2024.09.24"]
[EventType "tourn"]
[EventCountry "HUN"]
[SourceTitle "playchess.com"]
[Source "ChessBase"]
[SourceQuality "1"]
[TimeControl "5400+30"]

1. e4 c5 2. Nf3 Nc6 3. d4 cxd4 4. Nxd4 Qb6 5. Nb3 Nf6 6. Bd3 e6 7. O-O Ne5 8. Nc3 a6 9. Qe2 Be7 10. Kh1 d6 11. f4 Nxd3 12. cxd3 O-O 13. Be3 Qd8 14. a4 e5 15. fxe5 dxe5 16. a5 Bg4 17. Qd2 Rc8 18. Na4 Nh5 19. Nb6 Rc6 20. Nd5 Bh4 21. Rac1 Rg6 22. Bb6 Rxb6 23. axb6 Ng3+ 24. hxg3 Bxg3 25. Rf6 Be6 26. Qe3 Bxd5 27. Qxg3 Bxb3 28. Rff1 Qxb6 29. Qxe5 Qh6+ 30. Qh2 Qd2 31. Qg3 Be6 32. Rfd1 Qxb2 33. d4 Qe2 34. Qf3 Qb5 35. d5 Bd7 36. Rb1 Qc5 37. Rxb7 Qc8 38. Rdb1 Bb5 39. Re7 Qc2 40. Re1 Qc5 41. Re5 Bd7 42. Rg5 Qe7 43. Qg3 g6 44. d6 Qe6 45. Rc5 Rd8 46. Qh4 Rb8 47. e5 Rb2 48. Rf1 Re2 49. Qd8+ Kg7 50. Qf6+ Qxf6 51. exf6+ Kh6 52. Rc7 Bf5 53. Rxf7 Be4 54. Rg1 Rd2 55. Re7 Bf5 56. f7 Kg7 57. g4 Bd3 58. Rc1 Bc2 59. Rf1 1-0

[Event "SixDays Budapest IM-A 09-2024"]
[Site "Budapest"]
[Date "2024.09.26"]
[Round "5.1"]
[White "Kao, Jamison Edrich"]
[Black "Bashylina, Luisa"]
[Result "0-1"]
[ECO "B91"]
[WhiteElo "2125"]
[BlackElo "2124"]
[Annotator "RC"]
[PlyCount "202"]
[EventDate "2024.09.24"]
[EventType "tourn"]
[EventCountry "HUN"]
[SourceTitle "playchess.com"]
[Source "ChessBase"]
[SourceQuality "1"]
[TimeControl "5400+30"]

1. e4 c5 2. Nf3 d6 3. d4 cxd4 4. Nxd4 Nf6 5. Nc3 a6 6. g3 e5 7. Nb3 Be7 8. Bg2 b5 9. O-O O-O 10. h3 Be6 11. Nd5 Nxd5 12. exd5 Bc8 13. Bd2 f5 14. Na5 Bf6 15. c4 e4 16. Qc2 Nd7 17. Nc6 Qe8 18. Bb4 Be5 19. Rac1 bxc4 20. Rfd1 Rf6 21. Qxc4 Bxb2 22. Rc2 Be5 23. Rdc1 Bb7 24. Qb3 Qf7 25. Bxd6 Bxc6 26. Bxe5 Nxe5 27. dxc6 Qxb3 28. axb3 Nd3 29. c7 Rc8 30. Rd1 Rf7 31. f3 Rfxc7 32. Rxc7 Rxc7 33. fxe4 fxe4 34. Bxe4 Ne5 35. Ra1 Rc3 36. Kg2 Kf8 37. Bd5 Rc2+ 38. Kg1 Rc5 39. Bg2 a5 40. Ra2 h6 41. Kf2 Nd3+ 42. Ke3 Nc1 43. Rb2 Rb5 44. b4 Rxb4 45. Rxb4 axb4 46. Bf1 Nb3 47. Kd3 Ke7 48. Bg2 Nc1+ 49. Kc4 Ne2 50. Kxb4 Nxg3 51. Kc5 Kf6 52. Kd4 Kg5 53. Ke3 Nf5+ 54. Kf2 Kf4 55. Bf1 Nd4 56. Ba6 h5 57. Bc8 Kg5 58. Kg3 Ne2+ 59. Kf3 Nc3 60. Kg3 Ne4+ 61. Kf3 Nd6 62. Bd7 Kh4 63. Kg2 g6 64. Kh2 Nf5 65. Bc8 Kg5 66. Kg2 Kf4 67. Kf2 Nh4 68. Bd7 Nf3 69. Bc8 Ne5 70. Be6 Nf3 71. Bc8 Nd4 72. Bd7 Kg5 73. Bc8 Kh4 74. Kg2 Ne2 75. Bd7 Nf4+ 76. Kh2 Ne2 77. Kg2 Nd4 78. Bc8 Kg5 79. Kg3 h4+ 80. Kf2 Kf4 81. Bd7 Nf5 82. Bc8 Ng3 83. Bd7 Ne4+ 84. Kg2 Ke3 85. Be8 g5 86. Bb5 Nf2 87. Bc6 Ne4 88. Bb5 Ng3 89. Ba6 Nh5 90. Bb7 Nf4+ 91. Kh2 Kf2 92. Bc8 Ng6 93. Bd7 Ne5 94. Bc8 Nf3+ 95. Kh1 Kg3 96. Bd7 Ne1 97. Bf5 Ng2 98. Bg4 Nf4 99. Bc8 Nxh3 100. Bb7 Nf2+ 101. Kg1 h3 0-1

[Event "SixDays Budapest IM-A 09-2024"]
[Site "Budapest"]
[Date "2024.09.26"]
[Round "5.2"]
[White "Krishna C R G"]
[Black "Wadifa, Ahmed"]
[Result "1-0"]
[ECO "E04"]
[WhiteElo "2425"]
[BlackElo "1988"]
[Annotator "TA"]
[PlyCount "63"]
[EventDate "2024.09.24"]
[EventType "tourn"]
[EventCountry "HUN"]
[SourceTitle "playchess.com"]
[Source "ChessBase"]
[SourceQuality "1"]
[TimeControl "5400+30"]

1. d4 d5 2. c4 e6 3. Nf3 Nf6 4. g3 dxc4 5. Bg2 Nc6 6. O-O a6 7. e3 Be7 (7... Bd7 $11 {remains equal.}) 8. Nbd2 $1 $16 O-O 9. Nxc4 {[%emt 0:01:22] White is better.} b5 10. Nfe5 Nxe5 11. Nxe5 (11. Bxa8 $2 Nxc4 (11... bxc4 $2 12. dxe5 Qxd1 13. Rxd1 $18) 12. Bh1 Nb6 $19) 11... Nd5 12. e4 Nb6 13. Nc6 {[%emt 0:05:39] White is more active.} Qd7 14. Qc2 Bb7 15. Na5 Rab8 16. Nxb7 Rxb7 17. Rd1 Rd8 18. Bf4 $36 {[%emt 0:03:51][%mdl 2048] Keeping Black busy.} h6 19. b3 Ba3 20. Rab1 a5 21. Be3 Rbb8 22. f4 (22. Qd2 $16) 22... Rbc8 {[%emt 0:03:44] [#]} (22... Qe7 $14) 23. Bh3 $1 c5 $2 {[%emt 0:09:30] [#] Black cannot hold the game after this.} 24. d5 $1 $18 {[%emt 0:05:07] dxe6 would now be deadly.} ({Not} 24. dxc5 Qc6 $16) 24... Qe7 25. dxe6 fxe6 26. Qe2 Qe8 27. f5 exf5 28. Bxf5 Rxd1+ $2 (28... Qc6 29. Qg4 (29. Bxc8 Rxc8 30. Bf2 Bb4 $18) 29... c4 30. Bxc8 Rxc8 31. Bxb6 Qxb6+ 32. Kh1 Rc5) 29. Rxd1 ({Weaker is} 29. Qxd1 Rc6 $16) 29... Rc7 {[%emt 0:00:21] Black is weak on the light squares} 30. Qg4 Kh8 (30... Rc6 $142 31. e5 c4) 31. Qh4 Nd7 {[%emt 0:04:14] [#]} 32. Bxh6 $1 {[%emt 0:01:00][%mdl 512] Weighted Error Value: White=0.05 (flawless) /Black=0.40.  Loses game:     	---       	Black=1      Mistake:       	White=1     	Black=4      Inaccurate:     	---       	Black=2      OK:         	White=10    	Black=6      Best:        	White=1     	Black=2      Strong:       	White=2     	---} 1-0

[Event "SixDays Budapest IM-A 09-2024"]
[Site "Budapest"]
[Date "2024.09.26"]
[Round "5.3"]
[White "Boyer, Mahel"]
[Black "Pacher, Milan"]
[Result "1-0"]
[ECO "A06"]
[WhiteElo "2489"]
[BlackElo "2343"]
[Annotator "TA"]
[PlyCount "78"]
[EventDate "2024.09.24"]
[EventType "tourn"]
[EventCountry "HUN"]
[SourceTitle "playchess.com"]
[Source "ChessBase"]
[SourceQuality "1"]
[TimeControl "5400+30"]

1. Nf3 d5 2. g3 Bg4 3. Bg2 e6 4. O-O Nf6 5. h3 Bh5 {[%emt 0:00:14] [#]} 6. c4 $1 c6 7. d4 Nbd7 8. Ne5 {[%emt 0:00:14] White has an edge.} Nxe5 9. dxe5 Nd7 10. cxd5 cxd5 11. f4 Rc8 (11... Bc5+ $11 {might be stronger.} 12. Kh2 Rc8) 12. Be3 {[%emt 0:02:49][%cal Og3g4] Threatening g4!} Bc5 (12... Bg6 $11) 13. Bxc5 $14 Nxc5 {[%emt 0:00:02] [#]} 14. Nc3 ({Better is} 14. g4 $1 $16 Bg6 15. f5) 14... Bg6 $11 15. Nb5 {[%emt 0:03:42] aiming for Nd6+.} O-O 16. Nd6 Rc6 17. Qd4 Be4 18. Rfc1 Bxg2 19. Kxg2 (19. Rxc5 Rxc5 20. Qxc5 Bxh3 $17) 19... Qb6 20. b4 {[%emt 0:01:59] White has more active pieces.} Ne4 21. Qxb6 Rxb6 22. Nxe4 dxe4 $16 {[%emt 0:00:03][%mdl 4096] Endgame. KRR-KRR} 23. Rc4 g6 24. Rxe4 Rd8 25. Rc1 Ra6 26. Rc2 $36 {[%emt 0:02:54][%mdl 2048] White is on the roll.} b5 {[%emt 0:01:13] [#]} 27. Re3 $1 Ra4 28. a3 h5 29. Rc5 a6 30. Rec3 Kg7 31. Rc7 h4 32. Rb7 ({Don't take} 32. gxh4 $6 a5) 32... hxg3 33. Kxg3 ({Resist} 33. Rcc7 Rf8 $16) 33... Rd2 $2 (33... a5) 34. Rcc7 $18 {[%emt 0:01:58] White threatens Kg4 and mate.} Rxa3+ 35. Kg4 Rxe2 36. Rxf7+ {[%emt 0:00:06] White mates.} Kg8 37. Rfd7 Rg2+ 38. Kh4 g5+ 39. fxg5 Rf3 {[%emt 0:00:04] Weighted Error Value: White=0.16 (very precise) /Black=0.44.  Mistake:       	White=1     	Black=5      Inaccurate:     	White=3     	Black=3      OK:         	White=9     	Black=8      Best:        	White=2     	Black=1      Strong:       	White=1     	---} 1-0

[Event "SixDays Budapest IM-A 09-2024"]
[Site "Budapest"]
[Date "2024.09.26"]
[Round "5.4"]
[White "Ramsdal, Jens Albert"]
[Black "Pavan Karthikeya Varma Gunturi"]
[Result "1-0"]
[ECO "E32"]
[WhiteElo "2328"]
[BlackElo "2056"]
[Annotator "RC"]
[PlyCount "159"]
[EventDate "2024.09.24"]
[EventType "tourn"]
[EventCountry "HUN"]
[SourceTitle "playchess.com"]
[Source "ChessBase"]
[SourceQuality "1"]
[TimeControl "5400+30"]

1. d4 Nf6 2. c4 e6 3. Nc3 Bb4 4. Qc2 O-O 5. Nf3 d6 6. Bd2 Nc6 7. a3 Bxc3 8. Bxc3 d5 9. e3 Ne4 10. Bd3 Nxc3 11. Qxc3 Ne7 12. O-O Bd7 13. Rac1 Rc8 14. Qb3 Bc6 15. Ne5 dxc4 16. Bxc4 Bd5 17. Bxd5 Qxd5 18. Qa4 a6 19. Rc5 Qd6 20. Rfc1 c6 21. b4 Nd5 22. Qb3 Rc7 23. Qd1 Rfc8 24. Qg4 b6 25. R5c2 c5 26. Qe2 a5 27. Qa6 axb4 28. Rxc5 Rxc5 29. Qxc8+ Rxc8 30. Rxc8+ Qf8 31. Rxf8+ Kxf8 32. axb4 Nxb4 33. Nd7+ Ke7 34. Nxb6 f6 35. Nc4 Kd7 36. Kf1 Kc6 37. Ke2 Kd5 38. Nb6+ Kc6 39. Na4 Kd5 40. Nc3+ Kc4 41. Ne4 Kd5 42. Nc3+ Kc4 43. Kd2 Nc6 44. f3 Na5 45. Ne4 Nb7 46. Ng3 Nd6 47. Ne4 Nb7 48. h4 Kd5 49. Kd3 Na5 50. Ng3 Nc6 51. Nh5 e5 52. e4+ Kd6 53. d5 Ne7 54. Nxg7 Ng6 55. g3 Nf8 56. Nf5+ Kc7 57. Ng7 Kd6 58. f4 exf4 59. gxf4 Ng6 60. Nf5+ Kd7 61. Ke3 h5 62. Kf3 Kc7 63. Kg3 Kd7 64. Ng7 Kd6 65. Nxh5 f5 66. exf5 Ne7 67. Kg4 Nxd5 68. Kg5 Ke7 69. Ng7 Kf7 70. Nh5 Nc3 71. Ng3 Nd5 72. Ne4 Kg7 73. h5 Nc7 74. h6+ Kh7 75. Nf6+ Kh8 76. Ng4 Ne8 77. Kg6 Nd6 78. Ne5 Kg8 79. h7+ Kh8 80. Nf7+ 1-0

[Event "SixDays Budapest IM-A 09-2024"]
[Site "Budapest"]
[Date "2024.09.26"]
[Round "5.5"]
[White "Kwon, Sehyun"]
[Black "Bashirov, Kemal"]
[Result "0-1"]
[ECO "B51"]
[WhiteElo "2248"]
[BlackElo "2328"]
[Annotator "RC"]
[PlyCount "88"]
[EventDate "2024.09.24"]
[EventType "tourn"]
[EventCountry "HUN"]
[SourceTitle "playchess.com"]
[Source "ChessBase"]
[SourceQuality "1"]
[TimeControl "5400+30"]

1. e4 c5 2. Nf3 d6 3. Bb5+ Nd7 4. c3 Ngf6 5. Qe2 a6 6. Ba4 b5 7. Bc2 e5 8. d4 Be7 9. O-O O-O 10. Rd1 Qc7 11. dxe5 dxe5 12. c4 b4 13. Nbd2 Nb8 14. Nf1 Nc6 15. Ne3 Nd4 16. Nxd4 cxd4 17. Nd5 Nxd5 18. cxd5 Bb7 19. Bd3 f5 20. f3 f4 21. g3 g5 22. gxf4 gxf4 23. Kh1 Kh8 24. Rg1 Rg8 25. Bd2 Qd6 26. Rxg8+ Rxg8 27. Rg1 a5 28. Rxg8+ Kxg8 29. Qg2+ Kh8 30. Qh3 Ba6 31. Bc4 Bf8 32. Qf1 Bc8 33. Bb5 Qh6 34. Qc1 Qh3 35. Qf1 Qh5 36. Qf2 Be7 37. Be1 Bh3 38. Bf1 Bh4 39. Qe2 Bxf1 40. Qxf1 Bxe1 41. Kg2 Qg6+ 42. Kh1 Bh4 43. Qb5 h6 44. d6 Qxd6 0-1